Map: 어비설 리프 - 래더

Players

Zest - Winner!

  • Race: Protoss Protoss
  • Spawn Location: 11:00

ByuL

  • Race: Zerg Zerg
  • Spawn Location: 5:00

VOD

Have the link to the VOD?

Description

Time

  • Played on: Dec. 22, 2017, 3:49 a.m.
  • Length: 23:49
Show
View Real Time Build Order
Export as new Build Order

Zest Protoss - Winner!

Build Orders: 1 Gate Expand, Oracle Opening, Phoenix Opening 

Get SALT Encoding   

  12  0:00  Probe  
  13  0:12  Probe  
  14  0:18  Pylon  
  14  0:24  Probe (Chrono Boost)  
  15  0:37  Probe (Chrono Boost)  
  16  0:44  Gateway  
  16  0:45  Probe (Chrono Boost)  
  17  0:51  Probe  
  17  0:53  Assimilator  
  18  1:03  Probe  
  19  1:15  Probe  
  20  1:25  Nexus  
  20  1:35  Cybernetics Core  
  20  1:39  Probe  
  21  1:44  Assimilator  
  21  1:52  Probe  
  22  1:55  Pylon  
  22  2:04  Probe  
  23  2:11  Adept (Chrono Boost)  
  25  2:16  Probe  
  25  2:19  Stargate  
  26  2:28  Warp Gate, Probe  
  27  2:35  Stalker  
  29  2:38  Probe  
  29  2:40  Probe  
  31  2:50  Probe  
  32  2:52  Probe  
  32  2:54  Pylon  
  33  3:00  Oracle (Chrono Boost)  
  33  3:05  Probe  
  37  3:08  Probe  
  38  3:17  Probe  
  38  3:20  Probe  
  38  3:28  Phoenix (Chrono Boost)  
  38  3:29  Probe  
  38  3:32  Gateway, Probe  
  43  3:41  Probe (Chrono Boost)  
  43  3:43  Twilight Council  
  43  3:44  Probe (Chrono Boost)  
  44  3:53  Probe (Chrono Boost)  
  44  3:55  Probe (Chrono Boost)  
  46  3:58  Pylon, Probe (Chrono Boost)  
  46  4:00  Probe (Chrono Boost)  
  48  4:10  Gateway  
  48  4:11  Gateway  
  48  4:13  Gateway  
  48  4:14  Resonating Glaives (Chrono Boost)  
  48  4:19  Gateway  
  48  4:24  Probe x2  
  50  4:36  Adept x2  
  54  4:46  Nexus  
  54  4:47  Pylon  
  54  5:13  Adept  
  54  5:14  Adept x5  
  58  5:18  Pylon  
  58  5:20  Pylon  
  58  5:21  Assimilator  
  66  5:23  Assimilator  
  66  5:37  Adept x3  
  66  5:38  Adept x2  
  66  5:41  Adept  
  78  5:45  Probe x2  
  78  5:48  Robotics Facility  
  80  5:57  Probe x2  
  80  5:58  Forge  
  82  6:08  Probe  
  82  6:09  Probe x2  
  75  6:20  Probe  
  75  6:21  Probe x2 (Chrono Boost)  
  70  6:33  Probe x3 (Chrono Boost)  
  70  6:34  Protoss Ground Weapons Level 1  
  73  6:42  Probe x2 (Chrono Boost)  
  73  6:43  Probe (Chrono Boost)  
  76  6:47  Probe x2 (Chrono Boost)  
  76  6:49  Immortal (Chrono Boost), Probe  
  83  6:56  Void Ray (Chrono Boost), Pylon  
  83  6:57  Robotics Facility  
  83  6:58  Robotics Bay  
  87  7:01  Probe  
  87  7:02  Probe  
  87  7:08  Assimilator  
  87  7:09  Probe  
  87  7:12  Assimilator  
  87  7:13  Probe  
  87  7:14  Probe  
  90  7:19  Pylon  
  90  7:21  Immortal, Probe  
  90  7:22  Stalker x2  
  99  7:25  Probe  
  94  7:30  Adept x3  
  95  7:42  Blink (Chrono Boost)  
  89  7:54  Phoenix (Chrono Boost)  
  90  8:00  Probe  
  90  8:01  Probe  
  90  8:02  Pylon  
  90  8:04  Probe  
  90  8:05  Pylon  
  93  8:11  Colossus, Phoenix  
  93  8:12  Colossus  
  107  8:14  Pylon  
  107  8:15  Pylon  
  107  8:18  Pylon  
  107  8:21  Photon Cannon  
  107  8:22  Probe x2  
  107  8:23  Shield Battery, Probe  
  110  8:28  Extended Thermal Lance  
  110  8:45  Protoss Ground Weapons Level 2 (Chrono Boost)  
  110  8:46  Pylon  
  110  8:47  Pylon  
  110  8:48  Pylon  
  110  8:49  Pylon  
  110  8:57  Stalker x3  
  110  8:58  Stalker x3  
  115  9:05  Photon Cannon  
  115  9:06  Photon Cannon  
  115  9:17  Observer  
  115  9:18  Nexus, Observer  
  115  9:22  Sentry x4, Pylon  
  124  9:36  Colossus (Chrono Boost)  
  128  9:48  Colossus (Chrono Boost)  
  134  10:02  Stalker x5  
  144  10:20  Warp Prism (Chrono Boost)  
  141  10:23  Stalker  
  145  10:30  Stalker x5  
  145  10:34  Shield Battery  
  155  10:36  Probe x3  
  158  10:44  Gateway  
  158  10:45  Gateway  
  158  10:46  Gateway  
  150  11:13  Stalker x6  
  162  11:21  Void Ray (Chrono Boost)  
  162  11:25  Protoss Ground Armor Level 1 (Chrono Boost)  
  166  11:31  Colossus x2 (Chrono Boost)  
  176  11:44  Assimilator, Templar Archives  
  176  11:48  Assimilator  
  176  11:54  Void Ray (Chrono Boost)  
  176  11:58  Pylon  
  180  12:03  Stalker x4  
  180  12:04  Stalker  
  190  12:10  Gateway  
  190  12:11  Gateway  
  190  12:14  Gateway  
  190  12:22  Photon Cannon, High Templar x2  
  194  12:24  Photon Cannon  
  194  12:27  Archon, Shield Battery  
  194  12:30  High Templar x2  
  194  12:31  Photon Cannon  
  194  12:33  Photon Cannon  
  194  12:34  Archon  
  198  12:39  Observer x2  
  198  12:41  Protoss Air Weapons Level 1 (Chrono Boost)  
  200  12:44  Observer  
  188  13:27  Observer, High Templar x6, Zealot x3  
  184  13:33  Archon x2  
  184  13:34  Archon  
  200  13:42  Protoss Ground Weapons Level 3 (Chrono Boost)  
  200  13:44  Psionic Storm  
  200  13:47  Observer  
  194  13:59  Void Ray  
  198  14:20  Colossus (Chrono Boost)  
  190  14:45  Colossus (Chrono Boost)  
  190  14:48  Charge (Chrono Boost)  
  184  15:02  Nexus, Observer  
  184  15:03  Colossus (Chrono Boost)  
  190  15:21  Colossus (Chrono Boost)  
  196  15:32  High Templar  
  196  15:33  High Templar  
  199  15:44  High Templar x2  
  195  15:54  High Templar x3  
  195  15:55  High Templar  
  199  16:06  Protoss Shields Level 1 (Chrono Boost)  
  199  16:08  Nexus  
  199  16:15  Pylon  
  199  16:21  Photon Cannon  
  199  16:38  Oracle (Chrono Boost)  
  200  16:48  Oracle (Chrono Boost)  
  200  16:51  Gateway  
  200  16:53  Observer  
  200  16:54  Gateway  
  200  16:56  Gateway  
  200  16:57  Gateway  
  200  16:58  Gateway  
  200  17:01  Gateway, Protoss Air Armor Level 1  
  200  17:02  Photon Cannon  
  200  17:03  Gateway  
  200  17:04  Photon Cannon  
  200  17:06  Photon Cannon, Gateway  
  200  17:07  Photon Cannon  
  200  17:08  Photon Cannon, Gateway  
  200  17:09  Photon Cannon  
  200  17:11  Photon Cannon  
  200  17:12  Pylon  
  200  17:13  Pylon  
  200  17:18  Protoss Shields Level 2 (Chrono Boost)  
  200  17:29  Assimilator  
  200  17:31  Assimilator  
  200  17:41  Nexus  
  200  17:43  Pylon  
  188  17:58  Colossus (Chrono Boost)  
  188  17:59  Colossus (Chrono Boost)  
  188  18:01  Observer  
  200  18:27  Observer Gravitic Boosters (Chrono Boost)  
  199  18:43  Stalker  
  200  19:11  Gravitic Drive (Chrono Boost), Protoss Ground Armor Level 2  
  180  19:33  Colossus x2 (Chrono Boost)  
  190  19:54  Observer, Oracle  
  187  20:06  Assimilator  
  185  20:20  Immortal x2  
  185  20:32  Stalker  
  185  20:33  Stalker x6  
  199  20:46  Stalker x2  
  141  21:06  Stalker  
  141  21:07  Stalker x11  
  141  21:08  Stalker x4  
  141  21:09  Stalker x3  
  141  21:10  Stalker  
  156  21:15  Observer  
  140  21:21  Archon  
  103  21:34  Zealot x8  
  103  21:35  Zealot x12  
  131  21:40  Observer  
  105  22:00  Void Ray  
  92  22:04  High Templar x11  
  92  22:07  Zealot x2, High Templar  
  92  22:08  Zealot x4  
  128  22:09  Archon x4  
  128  22:10  Archon  
  128  22:13  Archon  
  128  22:15  Observer (Chrono Boost)  
  129  22:17  Probe x2  
  129  22:18  Probe x2  
  129  22:20  Assimilator  
  133  22:30  Warp Prism  
  133  22:31  Warp Prism  
  135  22:43  Void Ray  
  135  22:45  Zealot x9  
  135  22:46  Zealot x5  
  163  22:52  Observer  
  136  23:27  Stalker x12  
Show
View Real Time Build Order
Export as new Build Order

ByuL Zerg 

Build Orders: Pool First, Lurkers 

Get SALT Encoding   

  12  0:00  Drone  
  13  0:08  Drone  
  14  0:17  Overlord  
  14  0:22  Extractor  
  14  0:23  Drone  
  15  0:36  Drone x2  
  17  0:44  Drone  
  18  0:50  Extractor, Spawning Pool  
  18  0:55  Drone  
  17  1:15  Hatchery  
  17  1:18  Drone  
  17  1:21  Drone  
  18  1:27  Drone  
  19  1:39  Queen  
  21  1:43  Zergling x2  
  22  1:49  Overlord  
  22  1:55  Metabolic Boost  
  22  2:10  Drone x2  
  22  2:15  Queen  
  26  2:20  Zergling x2  
  27  2:27  Zergling x2  
  28  2:32  Drone  
  29  2:42  Hatchery  
  29  2:44  Zergling x2  
  29  2:47  Drone  
  29  2:48  Drone  
  31  2:51  Drone  
  31  2:56  Drone  
  31  2:58  Drone  
  34  3:02  Overlord  
  34  3:05  Drone  
  34  3:08  Drone  
  35  3:22  Drone x3  
  35  3:23  Drone x2  
  35  3:25  Queen  
  42  3:29  Spore Crawler  
  42  3:31  Drone  
  42  3:33  Drone  
  43  3:40  Overlord  
  43  3:42  Drone  
  43  3:45  Spore Crawler  
  43  3:50  Overlord  
  43  3:53  Drone  
  44  3:57  Queen  
  44  4:00  Drone x3  
  44  4:01  Drone  
  48  4:03  Drone  
  48  4:04  Drone  
  48  4:06  Drone  
  48  4:09  Drone  
  52  4:12  Drone  
  53  4:17  Spore Crawler  
  53  4:19  Drone  
  53  4:21  Drone  
  53  4:22  Drone  
  55  4:25  Drone x3  
  55  4:27  Overlord  
  58  4:35  Lair  
  58  4:37  Drone, Roach Warren  
  58  4:41  Extractor, Drone  
  58  4:42  Overlord  
  57  4:47  Drone x2  
  57  4:48  Drone  
  60  4:54  Drone x3  
  60  4:55  Drone  
  60  4:57  Drone  
  60  4:59  Overlord  
  65  5:03  Overlord  
  65  5:04  Overlord  
  65  5:08  Extractor x2  
  65  5:11  Overlord  
  62  5:14  Drone  
  62  5:16  Evolution Chamber  
  62  5:18  Drone  
  63  5:21  Drone  
  63  5:22  Drone  
  63  5:23  Drone x2  
  63  5:24  Extractor  
  63  5:25  Zergling x6  
  63  5:26  Hatchery  
  68  5:33  Roach  
  68  5:34  Roach x3  
  68  5:35  Glial Reconstitution  
  75  5:37  Roach x2  
  75  5:39  Zergling x4  
  75  5:41  Zergling x2  
  82  5:48  Roach  
  82  5:49  Roach x3  
  90  5:53  Roach x2  
  94  5:57  Zerg Missile Weapons Level 1  
  94  6:03  Roach x3  
  98  6:07  Roach x2  
  98  6:09  Roach, Zergling x4  
  105  6:18  Drone x2  
  98  6:19  Drone x4  
  99  6:25  Roach  
  99  6:26  Zergling x8  
  103  6:34  Queen  
  103  6:37  Drone  
  103  6:39  Hydralisk Den  
  105  6:50  Drone  
  105  6:51  Queen  
  107  6:54  Drone  
  107  6:55  Drone x3  
  107  6:57  Tunneling Claws, Burrow  
  107  7:00  Overlord  
  111  7:02  Overlord  
  111  7:03  Overlord  
  111  7:07  Overlord, Spore Crawler  
  110  7:11  Drone  
  110  7:12  Muscular Augments  
  111  7:23  Drone  
  111  7:24  Drone x5  
  111  7:28  Drone x2  
  117  7:32  Drone  
  117  7:33  Drone x7  
  119  7:39  Drone  
  119  7:40  Drone  
  112  8:01  Hatchery  
  112  8:02  Hydralisk  
  112  8:03  Hydralisk x8  
  112  8:05  Hydralisk x3  
  129  8:10  Hydralisk  
  129  8:11  Hydralisk  
  139  8:13  Hydralisk  
  139  8:14  Hydralisk  
  139  8:16  Zerg Missile Weapons Level 2  
  139  8:18  Overlord x2  
  143  8:20  Overlord  
  143  8:24  Overlord x2  
  143  8:25  Overlord  
  143  8:26  Extractor  
  142  8:29  Baneling Nest  
  142  8:30  Overlord  
  142  8:31  Hydralisk x2  
  142  8:35  Roach x4  
  142  8:36  Overlord x2, Roach  
  142  8:37  Overlord, Hydralisk  
  142  8:38  Hydralisk x2  
  148  8:43  Roach  
  148  8:45  Hydralisk x2  
  148  8:46  Hydralisk  
  148  8:47  Hydralisk  
  148  8:48  Zergling x6  
  154  8:54  Hydralisk  
  156  8:58  Zergling x2, Hydralisk x2  
  156  8:59  Zergling x2  
  160  9:03  Roach, Hydralisk x2  
  160  9:09  Hydralisk  
  164  9:10  Zergling x14  
  169  9:17  Hydralisk  
  169  9:18  Zergling x2  
  172  9:29  Spire  
  169  9:34  Roach  
  169  9:35  Roach  
  169  9:37  Drone x2  
  169  9:38  Drone x2  
  161  9:39  Drone x3  
  161  9:40  Extractor  
  161  9:45  Overlord  
  161  9:46  Centrifical Hooks  
  161  9:48  Zergling x2  
  161  9:49  Zergling x24  
  172  9:55  Overseer  
  172  9:59  Overlord  
  168  10:12  Overlord  
  167  10:16  Hatchery  
  166  10:27  Lurker Den  
  164  10:29  Extractor  
  164  10:32  Zergling x13  
  164  10:33  Zergling x21  
  180  10:36  Baneling  
  180  10:37  Baneling  
  180  10:38  Baneling x9  
  180  10:42  Corruptor x3  
  182  10:44  Corruptor x4  
  182  10:45  Corruptor  
  182  10:48  Zergling x2  
  197  10:52  Baneling x4  
  197  10:53  Baneling x2  
  196  10:57  Baneling x3  
  196  11:01  Zergling x6  
  196  11:04  Zergling x2  
  199  11:09  Hatchery  
  188  11:13  Hydralisk  
  188  11:14  Hydralisk  
  188  11:15  Zergling x2  
  174  11:25  Hydralisk  
  174  11:26  Hydralisk x8  
  174  11:27  Zergling x18  
  198  11:37  Zerg Ground Armor Level 1  
  198  11:56  Lurker  
  198  12:01  Zerg Flyer Weapons Level 1  
  198  12:03  Infestation Pit  
  197  12:09  Lurker x2  
  199  12:19  Hatchery  
  199  12:22  Spine Crawler  
  197  12:23  Spine Crawler, Lurker x2  
  197  12:25  Lurker  
  197  12:26  Spore Crawler  
  197  12:32  Pneumatized Carapace  
  197  12:33  Overseer  
  197  12:34  Queen  
  199  12:38  Drone  
  199  12:40  Spine Crawler  
  199  12:41  Spine Crawler  
  199  12:42  Extractor  
  199  12:43  Spine Crawler  
  195  12:47  Lurker x3  
  195  12:51  Lurker  
  199  12:57  Hive  
  193  13:15  Hydralisk  
  193  13:16  Zergling x16  
  173  13:21  Hydralisk  
  173  13:22  Zergling x2, Hydralisk x4  
  173  13:23  Zergling x24  
  173  13:24  Zergling x2  
  173  13:25  Zergling x6  
  193  13:28  Lurker x5  
  193  13:31  Zergling x2  
  193  13:32  Zergling x2  
  200  13:45  Baneling x3  
  200  13:46  Baneling x19  
  200  14:00  Baneling  
  200  14:01  Baneling x2  
  199  14:05  Zergling x2  
  196  14:20  Zergling x14  
  194  14:28  Lurker x2, Hydralisk x2  
  194  14:29  Zergling x2  
  197  14:40  Hydralisk  
  197  14:41  Hydralisk  
  193  14:50  Corruptor x2  
  193  14:51  Corruptor  
  193  14:52  Zergling x2  
  200  14:59  Hydralisk x2  
  194  15:00  Zergling x2  
  194  15:01  Zergling x2  
  194  15:03  Zerg Ground Armor Level 2, Adrenal Glands  
  200  15:13  Baneling x6  
  200  15:14  Baneling x6  
  200  15:18  Hatchery  
  196  15:24  Baneling  
  196  15:25  Baneling x6  
  196  15:30  Drone x3  
  196  15:34  Extractor  
  196  15:38  Greater Spire  
  196  15:39  Evolution Chamber, Queen, Drone x2  
  196  15:40  Drone  
  189  15:46  Viper x2  
  189  15:48  Zergling x2  
  189  15:49  Zergling x10  
  200  15:55  Drone x2  
  199  16:06  Extractor  
  199  16:07  Extractor, Drone  
  199  16:08  Drone x2  
  199  16:09  Spore Crawler x2, Drone  
  199  16:10  Zerg Melee Weapons Level 1  
  199  16:11  Spore Crawler  
  198  16:12  Spore Crawler  
  197  16:20  Spore Crawler  
  197  16:22  Overseer  
  196  16:26  Drone x2  
  196  16:27  Spine Crawler, Drone  
  198  16:37  Lurker  
  198  16:38  Lurker x4  
  199  16:47  Extractor  
  199  16:53  Zerg Flyer Weapons Level 2  
  197  16:55  Drone x3  
  200  17:19  Zerg Missile Weapons Level 3  
  200  17:31  Hatchery  
  194  17:46  Brood Lord x3  
  182  18:07  Corruptor x2, Brood Lord x3  
  182  18:08  Corruptor x3, Brood Lord  
  198  18:15  Zerg Ground Armor Level 3  
  198  18:17  Drone  
  199  18:51  Brood Lord x2  
  199  18:59  Spire  
  198  19:04  Extractor x2  
  198  19:09  Zerg Flyer Armor Level 1  
  193  19:11  Adaptive Talons  
  193  19:15  Drone x3  
  196  19:20  Extractor  
  196  19:23  Brood Lord  
  197  19:26  Drone x10  
  186  19:37  Corruptor x5, Brood Lord x2  
  199  19:46  Overseer  
  180  20:35  Corruptor x5  
  180  20:36  Corruptor x2  
  194  20:46  Overseer x2  
  194  20:47  Overseer  
  151  21:09  Zergling x30  
  151  21:10  Zergling x22  
  174  21:14  Zergling x2, Hydralisk  
  174  21:15  Zergling x34  
  162  21:30  Hydralisk  
  162  21:31  Hydralisk x4  
  162  21:32  Zergling x2  
  159  21:33  Zergling x2  
  146  21:47  Hydralisk x3  
  118  22:07  Lurker  
  118  22:08  Lurker x3, Drone x2  
  122  22:09  Drone x3  
  122  22:10  Drone  
  122  22:14  Drone x5  
  133  22:26  Drone x5  
  133  22:27  Hydralisk x2  
  133  22:28  Zergling x6  
  144  22:39  Hydralisk  
  144  22:40  Zergling x8  
  145  22:45  Zergling x8  
  149  22:54  Baneling  
  149  22:55  Baneling x5  
  149  22:58  Lurker x3  
  150  22:59  Lurker x2  
  141  23:11  Baneling  
  141  23:12  Baneling x6  
  117  23:16  Zergling x2  
  117  23:17  Zergling x10  
  106  23:21  Zergling x6  
  106  23:23  Zergling x12  
  106  23:24  Zergling x2  
Tags
 
Add a new tag
Caveats
  • Supply blocks, unpowered buildings, or Contaminate may cause inaccurate times.
  • Supply counts are checked every 10 seconds.